 Dungeon Crawl Stone Soup version 0.31-a0-188-g5e087ee2ca (webtiles) character file.

Game seed: 11946503080967985287

91 qw the Shooter (level 4, -5/25 HPs)
             Began as a Deep Elf Hunter on June 23, 2023.
             Slain by an ogre
             ... wielding a +0 giant club
              (22 damage)
             ... on level 4 of the Dungeon.
             The game lasted 00:00:50 (2266 turns).

qw the Shooter (Deep Elf Hunter)                    Turns: 2266, Time: 00:00:50

Health: -5/25      AC: 11    Str: 10    XL:     4   Next: 33%
Magic:  6/6        EV: 11    Int: 14    God:
Gold:   178        SH:  0    Dex: 18    Spells: 3/3 levels left

rFire   . . .        Y - +1 shortbow
rCold   . . .        (shield currently unavailable)
rNeg    . . .        l - quicksilver dragon scales
rPois   .            k - +0 helmet
rElec   .            (no cloak)
rCorr   .            g - +0 pair of gloves
SInv    +            (no boots)
Will    +....        (no amulet)
Stlth   +            h - ring of see invisible
HPRegen 0.24/turn    (no ring)
MPRegen 0.10/turn

%: no passive effects
@: no status effects
A: no striking features
a: no special abilities


You were on level 4 of the Dungeon.
You visited 1 branch of the dungeon, and saw 4 of its levels.

You collected 178 gold pieces.


   Skills:
 - Level 1.5 Fighting
 - Level 7.6 Ranged Weapons
 + Level 0.5 Armour
 - Level 2.4 Dodging
 - Level 1.2 Stealth


You had 3 spell levels left.
You didn't know any spells.
Your spell library was empty.

Inventory:

Hand Weapons
 Y - a +1 shortbow (weapon)
Armour
 f - a +2 robe of resistance
 g - a +0 pair of gloves (worn)
 k - a +0 helmet (worn)
 l - quicksilver dragon scales (worn)
Jewellery
 h - a ring of see invisible (left hand)
Scrolls
 a - 3 scrolls of identify
 d - a scroll of teleportation
Potions
 b - a potion of mutation
 e - a potion of haste
 j - a potion of curing

Dungeon Overview and Level Annotations

Branches:
Dungeon (4/15)
 Temple: D:4-7

Altars:
Zin


Message History

You shoot an arrow. The arrow hits the dart slug.
The dart slug is almost dead.
You shoot an arrow. The arrow hits the dart slug.
You kill the dart slug!
You now have 178 gold pieces (gained 8).
Found a book of Geomancy.
Enter note:
Enter note: You see here the +0 leather armour of Fedhas's Scorn {rPois}.
Enter note:
Enter note: An ogre comes into view. It is wielding a +0 giant club.
Found 10 gold pieces.
Enter note:
Enter note: You shoot an arrow.
The arrow hits the ogre but does no damage.
You shoot an arrow. The arrow completely misses the ogre.
You shoot an arrow. The arrow hits the ogre!
The ogre is moderately wounded.
You shoot an arrow. The arrow hits the ogre.
The ogre is moderately wounded.
You shoot an arrow. The arrow hits the ogre.
The ogre is heavily wounded.
You shoot an arrow.
The arrow hits the ogre but does no damage.
The ogre is heavily wounded.
The ogre hits you with a +0 giant club!
You shoot an arrow. The arrow hits the ogre.
The ogre is heavily wounded.
The ogre misses you.
You shoot an arrow.
The arrow hits the ogre but does no damage.
The ogre is heavily wounded.
The ogre barely misses you.
You shoot an arrow. The arrow hits the ogre.
The ogre is severely wounded.
The ogre hits you with a +0 giant club!!
Ouch! That really hurt!
You die...

#.# ###....###.#
#.###..[...# #.#
#.#...#.#..# #.#
#...##..##.# ..#
#.####..#......#
#.# ......###
#.# ........
##.#..:......#
#.@#..........
#..O..........
#.#....... ..
.....$. ###
....... #......
...... ......


You could see an ogre.

Vanquished Creatures
  Jessica (D:3)
  A worm (D:3)
  2 dart slugs
  An orc (D:4)
  2 bats
  7 endoplasms
  A giant cockroach (D:3)
  3 goblins
  7 hobgoblins
  12 kobolds
  3 quokkas
  5 ball pythons
  2 frilled lizards
  3 rats
50 creatures vanquished.

Notes
Turn   | Place    | Note
-------+----------+-------------------------------------------
     0 | D:1      | qw the Deep Elf Hunter began the quest for the Orb.
     0 | D:1      | Reached XP level 1. HP: 12/12 MP: 3/3
     0 | D:1      | 0 ||| qw: Version: 0.3-a-9-g12657ce
     0 | D:1      | 0 ||| qw: Game counter: 4366
     0 | D:1      | 0 ||| qw: Always use a shield: true
     0 | D:1      | 0 ||| qw: God list: Okawaru
     0 | D:1      | 0 ||| qw: Allow faded altars: false
     0 | D:1      | 0 ||| qw: Do Orc after D:15 true
     0 | D:1      | 0 ||| qw: Do second Lair branch before Depths: true
     0 | D:1      | 0 ||| qw: Lair rune preference: random
     0 | D:1      | 0 ||| qw: Plans: Normal
     0 | D:1      | 0 ||| PLANNING D:1-11
   122 | D:1      | Found a faded altar of an unknown god.
   226 | D:1      | Reached skill level 6 in Ranged Weapons
   226 | D:1      | Reached XP level 2. HP: 11/16 MP: 4/4
   719 | D:1      | 719 ||| UPGRADING to +0 ring mail.
   729 | D:1      | 729 ||| DROPPING +0 leather armour.
   730 | D:1      | 730 ||| UPGRADING to ring of see invisible.
   731 | D:1      | 731 ||| READING 2 scrolls labelled ZUEHOPS ZOUCYPH.
   732 | D:1      | 732 ||| READING scroll labelled VUEDERCH WEOFY.
   736 | D:1      | 736 ||| READING 2 scrolls labelled EZAMNADOUT.
   737 | D:1      | 737 ||| DROPPING scroll of butterflies.
   738 | D:1      | 738 ||| DROPPING scroll of fog.
   822 | D:2      | Reached XP level 3. HP: 20/20 MP: 5/5
  1345 | D:2      | 1345 ||| READING scroll labelled HAEKHL SAUTTED.
  1346 | D:2      | 1346 ||| READING scroll labelled XEOWOYS WYMMYRCH.
  1347 | D:2      | 1347 ||| READING scroll labelled ARY JAHOVOACEM.
  1348 | D:2      | 1348 ||| READING 3 scrolls labelled RERIDOBBYCIOM.
  1349 | D:2      | 1349 ||| READING 2 scrolls of identify.
  1349 | D:2      | 1349 ||| IDENTIFYING metallic amethyst potion
  1350 | D:2      | 1350 ||| DROPPING 2 scrolls of amnesia.
  1352 | D:2      | 1352 ||| Stepping ~*~*~tactically~*~*~ (cloud).
  1359 | D:2      | HP: 5/20 [poisoned by you (poison gas)]
  1554 | D:3      | Reached skill level 7 in Ranged Weapons
  1736 | D:3      | Noticed Jessica
  1747 | D:3      | Killed Jessica
  1748 | D:3      | Reached XP level 4. HP: 25/25 MP: 6/6
  1770 | D:3      | Noticed an angel
  1771 | D:3      | Found a glowing silver altar of Zin.
  2126 | D:3      | 2126 ||| UPGRADING to +2 robe of resistance.
  2136 | D:3      | 2136 ||| UPGRADING to +0 pair of gloves.
  2141 | D:3      | 2141 ||| DROPPING +0 ring mail.
  2142 | D:3      | 2142 ||| UPGRADING to +0 helmet.
  2147 | D:3      | 2147 ||| UPGRADING to quicksilver dragon scales.
  2157 | D:3      | 2157 ||| READING scroll labelled LUXITO WOABB.
  2158 | D:3      | 2158 ||| READING scroll labelled FECIXZAURA.
  2159 | D:3      | 2159 ||| DRINKING 2 green potions.
  2160 | D:3      | 2160 ||| DRINKING 2 black potions.
  2245 | D:4      | Identified the +0 leather armour of Fedhas's Scorn {rPois}
  2257 | D:4      | Noticed an ogre
  2266 | D:4      | Slain by an ogre

Levels and vault maps discovered:
D:1:      minmay_arrival_jagged, layout_loops_ring,
          hellmonk_ecumenical_altar_crossroads, minmay_misc_feat_iff,
          minmay_misc_feat_rows
D:2:      layout_loops_ring
D:3:      layout_loops_cross, zin_angel, uniq_jessica
D:4:      wad_river_or_something, layout_rooms, chequers_serial_rivers_micro_b

Skill      XL: |  1  2  3 |
---------------+----------+-----
Ranged Weapons | 6 7 |  7.6
Fighting       | |  1.5
Armour         | |  0.5
Dodging        | |  2.4
Stealth        | |  1.2

Action                     |  1- 3 |  4- 6 || total
---------------------------+-------+-------++-------
   Fire: Shortbow          |   109 |    27 ||   136
    Use: Scroll            |     8 |     2 ||    10
         Potion            |       |     2 ||     2
 Armour: Ring mail         |     9 |       ||     9
         Quicksilver drago |       |     1 ||     1
  Dodge: Dodged            |    18 |     2 ||    20

Table legend:
 A = Non-vault XP
 B = Vault XP
 C = Vault XP percentage of total XP
 D = Non-vault monster count
 E = Vault monster count
 F = Vault count percentage of total count
                 A         B        C        D         E       F
            +---------+---------+-------+---------+---------+-------
      Total |      93 |      37 |  28.5 |      49 |       1 |   2.0
            +---------+---------+-------+---------+---------+-------
        D:1 |      35 |       0 |   0.0 |      18 |       0 |   0.0
        D:2 |      23 |       0 |   0.0 |      13 |       0 |   0.0
        D:3 |      21 |      37 |  63.8 |      12 |       1 |   7.7
        D:4 |      14 |       0 |   0.0 |       6 |       0 |   0.0
            +---------+---------+-------+---------+---------+-------
